AoeStats
← Peto9

Black Forest

503222301Analyzed
4v4 RM · 1mo ago on Aug 30, 2026· 54m 17s· 8 players
Game mode
Random Map
Map size
Large (8 player)
Population
200
Speed
Normal
Resources
Standard
Victory
Conquest
Starting age
Dark Age
Ending age
Imperial Age
RankedLock teamsTeams togetherTeam positionsShared explorationLock speedFull tech treeHidden civsTurbo modeCheats
Victory
Defeat
🇨🇿 Vikings · Czechia
1266
+15
🇮🇳 Italians · India
1255
+15
🇵🇪 Portuguese · Peru
1228
+16
🇭🇰 Mongols · Hong Kong SAR China
1226
+17
🇧🇷 Persians · Brazil
1338
-20
🇳🇱 Malians · Netherlands
1326
-20
🇧🇷 Armenians · Brazil
1151
-12
🇧🇷 Mongols · Brazil
1134
-11
raw0000
0:34 Loom
12:38 Feudal Age
16:12 Fletching
17:13 Double-Bit Axe
17:12 Horse Collar
22:34 Castle Age
21:27 Stone Mining
23:23 Bodkin Arrow
25:28 Heavy Plow
25:41 Bow Saw
27:57 Padded Archer Armor
33:48 Fortified Wall
38:05 Ballistics
41:59 Leather Archer Armor
42:39 Gold Mining
43:52 Wheelbarrow
43:03 Town Watch
45:45 Hand Cart
45:31 Town Patrol
46:06 Thumb Ring
47:15 Forging
47:05 Scale Mail Armor
47:09 Squires
46:54 Arson
49:51 Imperial Age
48:05 Stone Shaft Mining
50:04 Elite Genoese Crossbowman
51:12 Conscription
51:33 Bracer
52:03 Ring Archer Armor
52:25 Ring Archer Armor
52:58 Chemistry
Peto9
10:09 Loom
12:26 Feudal Age
13:14 Double-Bit Axe
18:53 Castle Age
18:04 Fishing Lines
18:34 Horse Collar
19:54 Bow Saw
20:09 Heavy Plow
20:47 Gillnets
26:09 Gold Mining
27:24 Scale Mail Armor
30:28 Imperial Age
28:25 Treadmill Crane
28:56 Masonry
29:11 Squires
28:59 Arson
30:01 Chain Mail Armor
29:57 Forging
31:14 Siege Engineers
32:07 Conscription
32:29 Plate Mail Armor
32:41 Chieftains
33:35 Iron Casting
33:10 Elite Berserk
35:57 Blast Furnace
35:22 Town Watch
38:30 Fletching
38:40 Padded Archer Armor
39:26 Architecture
39:17 Ballistics
39:58 Chemistry
38:57 Elite Skirmisher
39:35 Bodkin Arrow
39:56 Leather Archer Armor
43:10 Bracer
43:41 Ring Archer Armor
44:07 Hoardings
47:49 Scale Barding Armor
50:43 Bogsveigar
50:14 Sappers
50:08 Crossbowman
50:37 Gambesons
lkf01
1:17 Loom
10:22 Feudal Age
11:17 Double-Bit Axe
16:08 Castle Age
15:48 Stone Mining
16:08 Fletching
25:09 Bow Saw
27:22 Wheelbarrow
28:25 Hand Cart
30:37 Town Watch
33:48 Imperial Age
32:25 Bodkin Arrow
32:43 Bloodlines
32:33 Husbandry
32:36 Gold Mining
35:03 Gold Shaft Mining
34:30 Bracer
35:33 Chemistry
35:00 Conscription
35:48 Elite Mangudai
37:12 Ballistics
39:24 Padded Archer Armor
38:47 Light Cavalry
41:48 Stone Shaft Mining
42:19 Leather Archer Armor
42:50 Scale Barding Armor
42:30 Horse Collar
43:04 Caravan
45:50 Parthian Tactics
45:31 Thumb Ring
47:33 Town Patrol
47:34 Heavy Plow
47:47 Masonry
47:34 Murder Holes
47:39 Elite Skirmisher
53:41 Drill
53:23 Nomads
54:04 Capped Ram
M@nquito 2.0
11:41 Feudal Age
18:00 Castle Age
16:28 Double-Bit Axe
23:11 Imperial Age
21:19 Bow Saw
22:05 Fletching
25:47 Wheelbarrow
26:42 Chemistry
25:42 Gold Mining
25:30 Crossbowman
26:06 Bodkin Arrow
27:56 Thumb Ring
29:08 Arbalester
30:33 Padded Archer Armor
31:27 Forging
31:20 Bracer
32:17 Leather Archer Armor
32:29 Ballistics
33:22 Ring Archer Armor
32:40 Loom
33:14 Hand Cart
32:53 Stone Mining
34:19 Town Watch
37:18 Conscription
38:20 Arquebus
42:22 Forging
41:41 Pikeman
42:20 Halberdier
43:02 Scale Mail Armor
43:42 Town Patrol
44:28 Iron Casting
45:10 Two-Man Saw
43:54 Horse Collar
45:38 Chain Mail Armor
46:32 Blast Furnace
45:43 Arson
47:00 Plate Mail Armor
49:06 Elite Skirmisher
rcordioli
2:49 Loom
10:02 Feudal Age
20:09 Castle Age
18:53 Double-Bit Axe
30:15 Fletching
30:31 Padded Archer Armor
33:40 Imperial Age
32:16 Leather Archer Armor
33:20 Bow Saw
34:54 Ballistics
39:14 Masonry
44:45 Chemistry
44:56 Bodkin Arrow
45:52 Fortified Wall
47:39 Bracer
King K. Rool
5:06 Loom
11:32 Feudal Age
13:07 Double-Bit Axe
13:25 Horse Collar
16:14 Castle Age
14:54 Stone Mining
14:54 Gold Mining
16:27 Scale Mail Armor
17:47 Bow Saw
24:02 Heavy Plow
25:37 Town Watch
26:29 Wheelbarrow
31:51 Imperial Age
29:43 Hand Cart
29:41 Masonry
30:21 Squires
31:29 Ballistics
30:50 Treadmill Crane
31:32 Ballistics
31:20 Padded Archer Armor
31:11 Fletching
31:33 Forging
31:39 Chain Mail Armor
31:25 Squires
31:11 Arson
32:23 Leather Archer Armor
32:29 Bodkin Arrow
33:05 Conscription
32:10 Crossbowman
34:33 Chemistry
33:14 Arbalester
34:57 Ring Archer Armor
34:33 Scale Barding Armor
35:05 Iron Casting
35:21 Murder Holes
35:51 Thumb Ring
36:47 Architecture
37:41 Chain Barding Armor
37:49 Conscription
37:32 Farimba
39:45 Farimba
40:05 Husbandry
40:16 Bloodlines
41:05 Hoardings
41:47 Tigui
42:13 Fortified Wall
41:28 Heavy Camel Rider
43:06 Caravan
44:25 Plate Barding Armor
43:50 Elite Skirmisher
47:00 Crop Rotation
48:16 Light Cavalry
49:40 Guard Tower
[Rz] TK_puxa
6:35 Loom
9:19 Feudal Age
13:19 Horse Collar
13:38 Double-Bit Axe
20:58 Castle Age
19:53 Wheelbarrow
20:19 Bloodlines
20:27 Forging
20:29 Gold Mining
21:34 Husbandry
22:06 Bow Saw
24:46 Scale Barding Armor
25:47 Chain Barding Armor
29:48 Caravan
31:11 Iron Casting
36:27 Imperial Age
36:06 Cavalier
37:24 Plate Barding Armor
37:49 Blast Furnace
37:03 Masonry
36:50 Murder Holes
37:27 Conscription
37:19 Heavy Plow
37:38 Savar
43:09 Chemistry
42:29 Hand Cart
42:04 Town Watch
41:57 Light Cavalry
44:55 Hussar
46:38 Heated Shot
47:09 Ballistics
50:33 Gold Shaft Mining
51:14 Fletching
54:14 Kamandaran
[RZ] HardZeeiRa-BR
8:01 Loom
10:00 Feudal Age
20:53 Castle Age
20:43 Stone Mining
20:39 Double-Bit Axe
22:28 Caravan
25:31 Horse Collar
28:07 Bow Saw
32:46 Imperial Age
30:59 Fletching
31:26 Gold Mining
31:51 Bodkin Arrow
34:31 Wheelbarrow
34:22 Conscription
35:06 Fortified Wall
41:03 Chemistry
39:33 Onager
Connection lost

Rejoining the realm…

Still unreachable

The connection could not be restored.

Session expired

The server has moved on; the page needs a fresh start.